 Dungeon Crawl Stone Soup version 0.26-a0-278-g3b0d5afba5 (webtiles) character file.

Game seed: 11171716540069403056

269 BritishOli the Skirmisher (level 6, 45/48 HPs)
             Began as a Demonspawn Fighter on July 12, 2020.
             Quit the game on level 2 of the Dungeon.
             The game lasted 00:01:26 (2693 turns).

BritishOli the Skirmisher (Demonspawn Fighter)      Turns: 2693, Time: 00:01:26

Health: 45/48      AC:  7    Str: 19    XL:     6   Next: 1%
Magic:  6/6        EV:  7    Int:  9    God:
Gold:   212        SH:  9    Dex: 12    Spells: 5/5 levels left

rFire    . . .     SeeInvis .   a - +0 long sword
rCold    . . .     Faith    .   c - +0 kite shield
rNeg     . . .     Spirit   +   b - +0 scale mail
rPois    .         Reflect  .   (helmet restricted)
rElec    .         Harm     .   (no cloak)
rCorr    .                      (no gloves)
MR       .....                  (no boots)
Stlth    ..........             (no amulet)
HPRegen  0.16/turn              (no ring)
MPRegen  0.10/turn              (no ring)

@: mildly poisoned (45 -> 42)
A: antennae 1, demonic guardian 1, magic shield, sanguine armour 1
a: no special abilities


You were on level 2 of the Dungeon.
You visited 1 branch of the dungeon, and saw 2 of its levels.

You collected 212 gold pieces.

Inventory:

Hand Weapons
 a - a +0 long sword (weapon)
Armour
 b - a +0 scale mail (worn)
 c - a +0 kite shield (worn)
Jewellery
 f - an uncursed ring of positive energy {unknown}
Scrolls
 e - a scroll of magic mapping {unknown}
 g - a scroll of fog {unknown}
 h - a scroll of noise {unknown}
 i - a scroll of random uselessness {unknown}
 k - a scroll of teleportation {unknown}
 l - 3 scrolls of remove curse {unknown}
 m - a scroll of immolation {unknown}
Potions
 d - a potion of might
 j - a potion of cancellation {unknown}


   Skills:
 + Level 4.1 Fighting
 + Level 3.2 Long Blades
 + Level 3.8 Armour
 + Level 3.8 Shields


You had 5 spell levels left.
You didn't know any spells.
Your spell library was empty.

Dungeon Overview and Level Annotations

Branches:
Dungeon (2/15)

Altars:


Innate Abilities, Weirdness & Mutations

You have a pair of small antennae on your head.
A weak demonic guardian rushes to your aid.
When hurt, damage is shared between your health and your magic reserves.
When seriously injured, your bleeding wounds create armour. (AC +0)


Message History

An adder is nearby!
You barely miss the adder. You block the adder's attack. The adder bites you.
You are poisoned.
The adder poisons you!
An adder is nearby!
You slash the adder!
The adder is heavily wounded.
You feel sick. The adder closely misses you.
An adder is nearby!
An adder is nearby!
You closely miss the adder.
The adder is heavily wounded.
You feel sick. You block the adder's attack.
The adder bites you but does no damage.
An adder is nearby!
You miss the adder.
The adder is heavily wounded.
You block the adder's attack. x2
An adder is nearby!
Are you sure you want to abandon this character and quit the game? (Confirm with "yes".)

#### ...#
#########...#
.....$S@....+
########....#
#....# #....#
#....# #....#
#....# #.####
##. #.#


You could see an adder.

Vanquished Creatures
  Sigmund (D:2)
  6 gnolls
  3 dart slugs
  A leopard gecko (D:1)
  2 giant cockroaches
  7 goblins
  4 hobgoblins
  6 jackals (D:1)
  6 kobolds
  3 bats
  A frilled lizard (D:2)
  7 rats (D:1)
  A fungus (D:1)
48 creatures vanquished.

Vanquished Creatures (others)
  3 toadstools (D:1)
3 creatures vanquished.

Grand Total: 51 creatures vanquished

Notes
Turn   | Place    | Note
-------+----------+-------------------------------------------
     0 | D:1      | BritishOli the Demonspawn Fighter began the quest for the
                  | Orb.
     0 | D:1      | Reached XP level 1. HP: 18/18 MP: 1/1
   164 | D:1      | Gained mutation: When hurt, damage is shared between your
                  | health and your magic reserves. [demonic ancestry]
   164 | D:1      | Reached XP level 2. HP: 23/24 MP: 2/2
   975 | D:1      | Gained mutation: When seriously injured, your bleeding
                  | wounds create armour. (AC +0) [demonic ancestry]
   975 | D:1      | Reached XP level 3. HP: 27/29 MP: 3/3
  1537 | D:2      | Reached XP level 4. HP: 13/35 MP: 1/4
  1775 | D:2      | Noticed Sigmund
  2052 | D:2      | Killed Sigmund
  2052 | D:2      | Reached skill level 4 in Fighting
  2052 | D:2      | Gained mutation: You have a pair of small antennae on your
                  | head. [demonic ancestry]
  2052 | D:2      | Reached XP level 5. HP: 14/42 MP: 2/5
  2649 | D:2      | Gained mutation: A weak demonic guardian rushes to your
                  | aid. [demonic ancestry]
  2649 | D:2      | Reached XP level 6. HP: 47/48 MP: 4/6
  2693 | D:2      | Quit the game

Illustrated notes

Levels and vault maps discovered:
D:1:      minmay_arrival_arboretum_large, layout_basic, serial_glass,
          glass_columns_b, glass_columns_b, minmay_gold_behind_fungi,
          minmay_misc_feat_iff
D:2:      layout_basic, lemuel_round_altar, uniq_sigmund

Skill      XL: |  1  2  3  4 |
---------------+-------------+-----
Long Blades    | 2 3 |  3.2
Armour         | 3 |  3.8
Shields        | 3 |  3.8
Fighting       | 4 |  4.1

Action                   |  1- 3 |  4- 6 || total
-------------------------+-------+-------++-------
Melee: Long sword        |   141 |    65 ||   206
Throw: Throwing net      |       |     1 ||     1
Armor: Scale mail        |    65 |    22 ||    87
Dodge: Dodged            |    42 |    14 ||    56
Block: Kite shield       |    81 |    29 ||   110
       Rpst.: Long sword |    13 |     4 ||    17

Table legend:
 A = Non-vault XP
 B = Vault XP
 C = Vault XP percentage of total XP
 D = Non-vault monster count
 E = Vault monster count
 F = Vault count percentage of total count
                 A         B        C        D         E       F
            +---------+---------+-------+---------+---------+-------
      Total |     158 |     227 |  59.0 |      46 |       1 |   2.1
            +---------+---------+-------+---------+---------+-------
        D:1 |      68 |       0 |   0.0 |      33 |       0 |   0.0
        D:2 |      90 |     227 |  71.6 |      13 |       1 |   7.1
            +---------+---------+-------+---------+---------+-------
